 Dungeon Crawl Stone Soup version 0.28.0-47-ge53b351184 (webtiles) character file.

Game seed: 17995346786092961786

2345 pkoi the Martial Artist (level 9, -17/57 HPs)
             Began as a Demigod Gladiator on May 3, 2022.
             Killed from afar by a wretched star (30 damage)
             ... with a lance of force
             ... on level 1 of the Abyss.
             The game lasted 00:16:25 (13115 turns).

pkoi the Martial Artist (Demigod Gladiator)        Turns: 13115, Time: 00:16:26

Health: -17/57     AC:  8    Str: 15    XL:     9   Next: 0%
Magic:  11/11      EV: 10    Int: 18    God:
Gold:   356        SH:  0    Dex: 20    Spells: 6/8 levels left

rFire   . . .      SeeInvis .     - Unarmed
rCold   . . .      Faith    .   (no shield)
rNeg    . . .      Spirit   .   f - +0 scale mail
rPois   .          Reflect  .   b - +0 helmet
rElec   .          Harm     .   (no cloak)
rCorr   +          Rampage  .   (no gloves)
Will    .....                   (no boots)
Stlth   +.........              (no amulet)
HPRegen 0.19/turn               l - ring of flight
MPRegen 0.12/turn               d - ring "Iherivisa" {rCorr Int-4 Dex+5 Stlth+}

@: about to teleport, flying, studying 2 skills
A: high MP 1, forlorn, divine attributes, [frail 2]
a: no special abilities


You were on level 1 of the Abyss.
You visited 1 branch of the dungeon, and saw 7 of its levels.
You visited the Abyss 1 time.

You collected 356 gold pieces.

Inventory:

Hand Weapons
 i - a +0 whip
 k - a +2 dagger of venom
 n - a +2 dagger of draining
Missiles
 c - a throwing net
 e - 6 javelins
 o - 6 poisoned darts (quivered)
Armour
 a - a +0 leather armour
 b - a +0 helmet (worn)
 f - a +0 scale mail (worn)
Jewellery
 d - the ring "Iherivisa" (right hand) {rCorr Int-4 Dex+5 Stlth+}
   (You found it on level 6 of the Dungeon)

   [ring of resist corrosion]

   Int:       It affects your intelligence (-4).
   Dex:       It affects your dexterity (+5).
   rCorr:     It protects you from acid and corrosion.
   Stlth:     It makes you more stealthy.
 l - a ring of flight (left hand)
 p - a ring of ice
Scrolls
 m - a scroll of identify
Potions
 h - a potion of flight
 j - a potion of resistance
 q - a potion of haste
 s - a potion of magic
 z - a potion of brilliance


   Skills:
 + Level 4.7 Fighting
 - Level 1.7 Throwing
 + Level 4.3 Armour
 - Level 2.6 Dodging
 * Level 9.8 Unarmed Combat


You had 6 spell levels left.
You knew the following spells:

 Your Spells              Type           Power      Damage    Failure   Level
a - Blink                 Tloc           0%         N/A       77%         2

Your spell library contained the following spells:

 Spells                   Type           Power      Damage    Failure   Level
 Foxfire                  Conj/Fire      0%         2x1d4     63%         1
 Conjure Flame            Conj/Fire      0%         6-21      94%         3
 Inner Flame              Hex/Fire       0%         N/A       94%         3
 Flame Wave               Conj/Fire      0%         2d4       100%        4
 Manifold Assault         Tloc           0%         N/A       100%        5
 Storm Form               Tmut/Air       0%         N/A       100%        7


Dungeon Overview and Level Annotations

Branches:
Dungeon (7/15)             Temple (0/1) D:7


Innate Abilities, Weirdness & Mutations

You have an increased reservoir of magic. (+10% MP)
You shall have no god before yourself.
Your divine heritage dramatically boosts your attributes as you level up.
[You are very frail. (-20% HP)]


Message History

* * * LOW HITPOINT WARNING * * *
A neqoxec comes into view.
The neqoxec shouts!
The neqoxec closely misses you.
The wretched star glows turbulently.
The lance of force hits you!!
* * * LOW HITPOINT WARNING * * *
You are knocked back by the lance of force.
You slam into the metal wall!
* * * LOW HITPOINT WARNING * * *
You hit the neqoxec.
The neqoxec is lightly wounded.
The neqoxec completely misses you.
The wretched star pulses with an eldritch light!
You feel frail. x2
You punch the neqoxec!
The neqoxec is heavily wounded.
The neqoxec hits you but does no damage.
Unknown command.
You hit the neqoxec. You punch the neqoxec.
The neqoxec is severely wounded.
The neqoxec hits you but does no damage.
Unknown command.
You hit the neqoxec but do no damage.
The neqoxec is severely wounded.
The neqoxec closely misses you.
Unknown command.
You punch the neqoxec!
You kill the neqoxec!
That felt strangely unrewarding.
Unknown command.
You aren't carrying any items that you can evoke.
Okay, then.
As you read the scroll of teleportation, it crumbles to dust.
You feel strangely unstable.
You feel the power of the Abyss delaying your translocation!
The wretched star glows turbulently.
The lance of force hits you!!
Ouch! That really hurt!
You die...

#....#.#. ##...
##.##..##.## ..
###. #.... ..#
###.#.##§###
..#.
#...#....#...##.
# #....### #
.### #*### . #.
#.##.# .# #
#@..# #...#.#
#..#.#.§ #..
###§.# .## ..
§#§ #. #.. # #.
##


You could see a wretched star.

Vanquished Creatures
  A wraith (D:7)
  A wyvern (D:6)
  A neqoxec (Abyss:1)
  A water moccasin (D:6)
  2 ice beasts
  A black bear (D:6)
  2 ogres
  2 necrophages (D:6)
  A phantom (D:4)
  A gnoll sergeant (D:4)
  2 bullfrogs
  2 scorpions (D:5)
  A water moccasin skeleton (D:5)
  3 howler monkeys
  A bullfrog zombie (D:6)
  3 centaur skeletons
  A jelly (D:5)
  An orc priest (D:4)
  4 hounds
  3 bullfrog skeletons
  An iguana (D:4)
  A mummy (D:5)
  11 gnolls
  A howler monkey skeleton (D:5)
  4 adders
  An ufetubus (D:4)
  2 adder skeletons (D:4)
  An adder zombie (D:5)
  2 worms (D:2)
  3 dart slugs
  4 orcs
  3 bats
  7 endoplasms
  A giant cockroach (D:4)
  5 goblins
  8 hobgoblins
  4 kobolds
  3 quokkas
  6 ball pythons
  4 frilled lizards
  2 rats
108 creatures vanquished.

Vanquished Creatures (collateral kills)
  Menkaure (D:6)
1 creature vanquished.

Vanquished Creatures (others)
  10 plants (D:2)
10 creatures vanquished.

Grand Total: 119 creatures vanquished

Notes
Turn   | Place    | Note
-------+----------+-------------------------------------------
     0 | D:1      | pkoi the Demigod Gladiator began the quest for the Orb.
     0 | D:1      | Reached XP level 1. HP: 17/17 MP: 3/3
   128 | D:1      | Reached skill level 3 in Unarmed Combat
   545 | D:1      | You fall into a shaft and drop 1 floor!
   594 | D:1      | Reached XP level 2. HP: 24/24 MP: 4/4
  1606 | D:2      | Reached XP level 3. HP: 26/29 MP: 5/5
  1665 | D:2      | Reached skill level 4 in Unarmed Combat
  2778 | D:3      | Reached XP level 4. HP: 11/33 MP: 6/6
  3780 | D:3      | Reached skill level 5 in Unarmed Combat
  4937 | D:4      | Reached XP level 5. HP: 41/41 MP: 7/7
  5126 | D:4      | Reached skill level 6 in Unarmed Combat
  6004 | D:5      | Entered Level 5 of the Dungeon
  6030 | D:4      | Reached XP level 6. HP: 21/48 MP: 8/8
  6388 | D:4      | Reached skill level 7 in Unarmed Combat
  7431 | D:4      | Reached XP level 7. HP: 24/55 MP: 9/9
  7666 | D:5      | Reached skill level 1 in Armour
  8118 | D:5      | Reached skill level 8 in Unarmed Combat
  8418 | D:5      | Identified the +10 great mace "Wetass" {antimagic, rN+}
  9190 | D:6      | Identified the +1 trident "Spider's Demise" {elec, rCorr}
  9232 | D:6      | Noticed Menkaure
  9245 | D:6      | Killed Menkaure
  9246 | D:6      | Reached XP level 8. HP: 63/63 MP: 10/10
  9679 | D:6      | Identified the ring "Iherivisa" {rCorr Int-4 Dex+5 Stlth+}
  9687 | D:6      | Learned a level 2 spell: Blink
  9917 | D:6      | Reached skill level 9 in Unarmed Combat
 12524 | D:7      | Identified a scroll of acquirement
 12524 | D:7      | Acquired a manual of Poison Magic
 12576 | D:7      | Reached XP level 9. HP: 54/72 MP: 11/11
 12723 | D:7      | Found a staircase to the Ecumenical Temple.
 13063 | D:7      | Cast into level 1 of the Abyss (gnoll shaman)
 13098 | Abyss:1  | Noticed a wretched star
 13115 | Abyss:1  | Killed from afar by a wretched star

Illustrated notes

Levels and vault maps discovered:
D:1:      dpeg_arrival_rhombus, layout_basic
D:2:      kennysheep_big_flooded_room, layout_loops_cross,
          kennysheep_big_empty_room, serial_park_tiny_1, serial_bayou_lake_a
D:3:      layout_basic, shapermc_ecumenical_altar_starsandcircs
D:4:      layout_rooms
D:5:      layout_rooms, mainiacjoe_overflow_catwalk, xom_butterflies,
          nicolae_ru_the_path_less_chosen, gup_ossuary_entry_pyramid
D:6:      layout_loops_corners, amcnicky_mini_rare_corridor_liquid,
          uniq_menkaure
D:7:      layout_gridville, mainiacjoe_overflow_six_doors_small,
          mainiacjoe_overflow_surrounded_room, marbit_many_paths,
          minmay_temple_entry_hall
Abyss:1:  base:
D:2

Skill      XL: |  1  2  3  4  5  6  7  8 |
---------------+-------------------------+-----
Unarmed Combat | 3 4 5 6 7 8 9 |  9.8
Fighting       | 2 3 4 |  4.7
Armour         | 2 4 |  4.3
Throwing       | |  1.7
Dodging        | |  2.6

Action                   |  1- 3 |  4- 6 |  7- 9 || total
-------------------------+-------+-------+-------++-------
Melee: Unarmed           |   112 |       |    59 ||   171
       Punch             |     5 |    13 |    11 ||    29
       Dagger            |    32 |   158 |   172 ||   362
Throw: Throwing net      |       |       |     7 ||     7
       Javelin           |       |       |     2 ||     2
       Dart              |       |       |     4 ||     4
  Use: Scroll            |       |       |    18 ||    18
       Potion            |       |       |     5 ||     5
 Stab: Held in net/web   |       |       |     2 ||     2
Armor: Leather armour    |     3 |       |       ||     3
       Scale mail        |    56 |    92 |   100 ||   248
Dodge: Dodged            |    71 |   152 |   123 ||   346
